 Dungeon Crawl Stone Soup version 0.28.0-53-g5a82cb258f (webtiles) character file.

Game seed: 8708230824958462205

2804 Revguard the Covert (level 9, -2/45 HPs)
             Began as a Vine Stalker Brigand on June 8, 2022.
             Was an Initiate of Wu Jian.
             Slain by a shadow (21 damage)
             ... on level 8 of the Dungeon.
             The game lasted 00:22:18 (6628 turns).

Revguard the Covert (Vine Stalker Brigand)          Turns: 6628, Time: 00:22:19

Health: -2/45      AC:  9    Str: 14    XL:     9   Next: 72%
Magic:  0/16       EV: 13    Int: 13    God:    Wu Jian [......]
Gold:   410        SH:  0    Dex: 18    Spells: 5/16 levels left

rFire   . . .      SeeInvis .   v - +6 dagger (vamp)
rCold   + + .      Faith    .   (no shield)
rNeg    . . .      Spirit   +   z - +1 leather armour of Hide-and-Seek {+Inv rC+}
rPois   .          Reflect  .   u - +0 helmet
rElec   .          Harm     .   c - +0 cloak
rCorr   .          Rampage  .   h - +0 pair of gloves
Will    +....                   D - +0 pair of boots
Stlth   ++++......              (no amulet)
HPRegen 0.95/turn               q - ring of wizardry
MPRegen 0.15/turn               y - ring of protection from cold

@: no status effects
A: fangs 3, regeneration 1, magic shield, antimagic bite, no potion heal 2
a: Renounce Religion, Evoke Invisibility


You were on level 8 of the Dungeon.
You worshipped Wu Jian.
Wu Jian was noncommittal.
You visited 2 branches of the dungeon, and saw 9 of its levels.

You collected 410 gold pieces.

Inventory:

Hand Weapons
 a - a +2 dagger
 f - a +1 short sword of speed
 v - a +6 vampiric dagger (weapon)
Missiles
 d - 8 poisoned darts
 g - 2 curare-tipped darts (quivered)
 k - 3 throwing nets
Armour
 c - a +0 cloak (worn)
 h - a +0 pair of gloves (worn)
 u - a +0 helmet (worn)
 z - the +1 leather armour of Hide-and-Seek (worn) {+Inv rC+}
   (You found it on level 6 of the Dungeon)

   rC:        It protects you from cold.
   +Inv:      It lets you turn invisible.
 D - a +0 pair of boots (worn)
Jewellery
 n - a ring of fire
 q - a ring of wizardry (left hand)
 y - a ring of protection from cold (right hand)
Wands
 w - a wand of iceblast (5)
Scrolls
 b - a scroll of fog {unknown}
 e - 2 scrolls of noise
 i - a scroll of magic mapping
 j - a scroll of teleportation
 r - 2 scrolls of amnesia
 x - a scroll of silence
 A - 2 scrolls of fear
 B - a scroll of holy word {unknown}
Potions
 l - 5 potions of curing
 m - a potion of brilliance
 o - a potion of flight {unknown}
 p - 5 potions of heal wounds
 s - 3 potions of ambrosia
 t - a potion of invisibility
 C - a potion of haste {unknown}


   Skills:
 + Level 4.3 Fighting
 + Level 4.3 Short Blades
 - Level 1.7 Throwing
 + Level 3.3 Armour
 + Level 3.5 Dodging
 * Level 9.6 Stealth
 + Level 4.1 Spellcasting
 + Level 4.0 Hexes
 + Level 3.3 Evocations


You had 5 spell levels left.
You knew the following spells:

 Your Spells              Type           Power      Damage    Failure   Level
a - Ensorcelled Hibernat  Hex/Ice        14%        N/A       7%          2
b - Anguish               Hex/Necr       3%         N/A       38%         4
c - Silence               Hex/Air        3%         N/A       73%         5

Your spell library contained the following spells:

 Spells                   Type           Power      Damage    Failure   Level
 Apportation              Tloc           4%         N/A       11%         1
 Summon Small Mammal      Summ           8%         N/A       11%         1
 Summon Guardian Golem    Hex/Summ       7%         N/A       13%         3
 Call Canine Familiar     Summ           2%         N/A       28%         3
 Spider Form              Tmut/Pois      2%         N/A       28%         3
 Passage of Golubria      Tloc           2%         N/A       65%         4
 Alistair's Intoxication  Tmut/Pois      1%         N/A       93%         5
 Orb of Destruction       Conj           1%         9d5       100%        7
 Spellforged Servitor     Conj/Summ      1%         N/A       100%        7
 Lehudib's Crystal Spear  Conj/Erth      1%         10d2      100%        8


Dungeon Overview and Level Annotations

Branches:
Dungeon (8/15)             Temple (1/1) D:6
   Lair: D:8-11

Altars:
Ashenzari
Cheibriados
Dithmenos
Elyvilon
Fedhas
Gozag
Hepliaklqana
Kikubaaqudgha
Makhleb
Nemelex Xobeh
Okawaru
Qazlal
Ru
Sif Muna
Trog
Uskayaw
Vehumet
Wu Jian
Xom
Yredelemnul
Zin
The Shining One


Innate Abilities, Weirdness & Mutations

You have razor-sharp teeth.
Your natural rate of healing is unusually fast.
When hurt, damage is shared between your health and your magic reserves.
Your bite disrupts and absorbs the magic of your enemies.
Potions cannot restore your health.


Message History

Deactivating autopickup; reactivate with Ctrl-A.
You barely miss something. Your bite misses something.
The shadow strikes at you from the darkness!
Reactivating autopickup.
You hit the shadow. Your bite misses the shadow.
The shadow is moderately damaged.
The shadow closely misses you.
You barely miss the shadow. You bite the shadow. You drain its power.
You feel invigorated.
The shadow is heavily damaged.
The shadow closely misses you.
You hit the shadow but do no damage.
The shadow is heavily damaged.
You hit the shadow but do no damage. Your bite misses the shadow.
The shadow is heavily damaged.
The shadow slips into darkness.
The shadow flickers and vanishes!
Deactivating autopickup; reactivate with Ctrl-A.
You closely miss something.
The shadow strikes at you from the darkness!
Reactivating autopickup.
You hit the shadow but do no damage. Your bite misses the shadow.
The shadow is heavily damaged.
The shadow hits you.
You hit the shadow but do no damage.
The shadow is heavily damaged.
The shadow misses you.
You hit the shadow. You bite the shadow, but do no damage.
The shadow is heavily damaged.
You hit the shadow.
The shadow is severely damaged.
The shadow closely misses you.
You hit the shadow but do no damage.
The shadow is severely damaged.
The shadow slips into darkness.
The shadow flickers and vanishes!
Deactivating autopickup; reactivate with Ctrl-A.
You hit something but do no damage. Your bite misses something.
The shadow strikes at you from the darkness!
You die...

#..)...#...#.......
#......#...#.......
#......#...#...(...
#......'...########
#..##..##.........#
#..######.........#
#......##'###..####
#......##..##+##...
#.@##..##......#...
#.{# ####......#...
#... .######'##...
#..8. .<.8.........
#..##+##...........
#..# .............
#..# .............
#..# ..[..........
.............


There were no monsters in sight!

Vanquished Creatures
  Sigmund (D:4)
  A human (D:4)
  A wyvern (D:8)
  A water moccasin (D:7)
  4 black bears
  An ogre (D:7)
  4 bullfrogs
  7 scorpions
  2 water moccasin zombies
  3 killer bees (D:6)
  A vampire bat (D:3)
  A centaur zombie (D:6)
  4 jellies
  A bullfrog skeleton (D:5)
  4 hounds
  2 orc priests
  Jessica (D:3)
  A human skeleton (D:4)
  5 orc wizards
  2 killer bee zombies
  A hound skeleton (D:4)
  6 gnolls
  4 adders
  A shadow imp (D:7)
  An ufetubus (D:5)
  A worm (D:2)
  A dart slug (D:3)
  3 fire bats (D:3)
  11 orcs
  2 spectral bats (D:3)
  3 bat skeletons (D:3)
  A bat zombie (D:3)
  5 endoplasms
  3 giant cockroaches
  5 goblins
  5 hobgoblins
  6 jackals
  4 quokkas
  5 ball pythons
  16 bats
  A bat simulacrum (D:3)
  3 frilled lizards
  A jackal skeleton (D:4)
  6 kobolds
  A kobold zombie (D:4)
  8 rats
151 creatures vanquished.

Notes
Turn   | Place    | Note
-------+----------+-------------------------------------------
     0 | D:1      | Revguard the Vine Stalker Brigand began the quest for the
                  | Orb.
     0 | D:1      | Reached XP level 1. HP: 11/11 MP: 2/2
   178 | D:1      | Reached skill level 5 in Stealth
   182 | D:1      | Reached XP level 2. HP: 6/15 MP: 1/3
   542 | D:1      | Found a faded altar of an unknown god.
   751 | D:1      | Reached skill level 1 in Dodging
   779 | D:1      | Reached XP level 3. HP: 11/18 MP: 4/4
  1156 | D:2      | Learned a level 2 spell: Ensorcelled Hibernation
  1710 | D:2      | Reached skill level 1 in Spellcasting
  1710 | D:2      | Gained mutation: Your natural rate of healing is unusually
                  | fast. [Vine Stalker growth]
  1710 | D:2      | Reached XP level 4. HP: 23/23 MP: 6/6
  1714 | D:2      | Reached skill level 1 in Hexes
  2127 | D:3      | Reached skill level 1 in Armour
  2127 | D:3      | Reached XP level 5. HP: 25/26 MP: 6/8
  2141 | D:3      | Reached skill level 6 in Stealth
  2311 | D:3      | Reached XP level 6. HP: 32/32 MP: 9/9
  2329 | D:3      | Learned a level 4 spell: Anguish
  2547 | D:3      | Noticed Jessica
  2556 | D:3      | Killed Jessica
  3019 | D:4      | Found a runed translucent door.
  3019 | D:4      | Noticed a human
  3020 | D:4      | Noticed Sigmund
  3047 | D:4      | Found a basalt altar of Yredelemnul.
  3054 | D:4      | Killed Sigmund
  3055 | D:4      | Reached XP level 7. HP: 33/35 MP: 11/11
  3145 | D:4      | Killed a human
  3146 | D:4      | Reached skill level 7 in Stealth
  3146 | D:4      | Reached skill level 1 in Evocations
  3702 | D:5      | Entered Level 5 of the Dungeon
  4046 | D:5      | Gained mutation: You have razor-sharp teeth. [Vine Stalker
                  | growth]
  4046 | D:5      | Reached XP level 8. HP: 40/40 MP: 11/13
  4348 | D:6      | Reached skill level 8 in Stealth
  4468 | D:6      | Learned a level 5 spell: Silence
  4547 | D:6      | Identified the +1 leather armour of Hide-and-Seek {+Inv
                  | rC+}
  4657 | D:6      | Found a staircase to the Ecumenical Temple.
  4682 | D:6      | Reached XP level 9. HP: 45/45 MP: 15/15
  4694 | Temple   | Entered the Ecumenical Temple
  5320 | Temple   | Became a worshipper of the Wu Jian Council
  5723 | D:7      | Reached skill level 9 in Stealth
  6628 | D:8      | Slain by a shadow

Illustrated notes

Levels and vault maps discovered:
D:1:      psy_arrival_conway, layout_rooms, basic_ecumenical_altar,
          minmay_liquid_box, grunt_decor_one_mirror
D:2:      layout_basic
D:3:      layout_loops_corners, goddamned_bats, uniq_jessica
D:4:      layout_basic, dk_yredelemnul_ordeal, uniq_sigmund
D:5:      layout_basic, kennysheep_boxes
D:6:      layout_rooms, minmay_temple_entry_waves, corexii_checkpoint_a
D:7:      layout_loops_ring, corexii_leaking_fountain
D:8:      layout_gridville, serial_shops, shop_statue, uniq_pikel
Temple:   mainiacjoe_temple_starburst

Skill      XL: |  1  2  3  4  5  6  7  8  9 |
---------------+----------------------------+-----
Stealth        | 5 6 7 8 9 |  9.6
Short Blades   | 2 3 4 |  4.3
Dodging        | 1 2 3 |  3.5
Fighting       | 2 3 4 |  4.3
Spellcasting   | 1 2 3 4 |  4.1
Hexes          | 1 2 3 4 |  4.0
Armour         | 1 2 3 |  3.3
Evocations     | 1 2 3 |  3.3
Throwing       | |  1.7

Action                   |  1- 3 |  4- 6 |  7- 9 || total
-------------------------+-------+-------+-------++-------
Melee: Dagger            |    75 |    25 |   129 ||   229
       Bite              |    15 |    47 |    61 ||   123
       Short sword       |       |   132 |    94 ||   226
       Punch             |       |     1 |     3 ||     4
Throw: Dart              |     7 |       |     1 ||     8
       Throwing net      |     1 |       |       ||     1
 Cast: Ensorcelled Hiber |       |       |    17 ||    17
Invok: Lunge             |       |       |    18 ||    18
  Use: Scroll            |       |     6 |     9 ||    15
       Potion            |       |     2 |     1 ||     3
 Stab: Sleeping          |     9 |    15 |    33 ||    57
       Distracted        |     1 |     2 |       ||     3
       Invisible         |       |       |     2 ||     2
Armor: Robe              |    17 |    27 |       ||    44
       Leather armour    |       |    41 |    69 ||   110
Dodge: Dodged            |    35 |   111 |   125 ||   271
